 Dungeon Crawl Stone Soup version 0.31-a0-845-g9abc20d24f (webtiles) character file.

Game seed: 18179356748342001209

285 hikkokomori the Vexing (level 6, 0/30 HPs)
             Began as a Spriggan Hexslinger on Oct 2, 2023.
             Slain by an iguana (10 damage)
             ... on level 4 of the Dungeon.
             The game lasted 00:05:35 (2665 turns).

hikkokomori the Vexing (Spriggan Hexslinger)        Turns: 2665, Time: 00:05:36

Health: 0/30       AC:  2    Str:  4    XL:     6   Next: 7%
Magic:  8/12       EV: 18    Int: 15    God:
Gold:   78         SH:  0    Dex: 19    Spells: 5/11 levels left

rFire   . . .        a - +1 sling
rCold   . . .        (no shield)
rNeg    + . .        c - +0 robe
rPois   .            (helmet restricted)
rElec   .            (no cloak)
rCorr   .            (gloves unavailable)
SInv    +            (boots unavailable)
Will    +....        (no amulet)
Stlth   +++          t - ring of positive energy
HPRegen 0.25/turn    (no ring)
MPRegen 0.13/turn

%: no passive effects
@: very quick
A: very small, no large weapons, unfitting armour, see invisible, speed 3
a: no special abilities


You were on level 4 of the Dungeon.
You visited 1 branch of the dungeon, and saw 4 of its levels.

You collected 78 gold pieces.

Inventory:

Hand Weapons
 a - a +1 sling (weapon)
 i - the +1 falchion "Quq Qedd" {vamp, Str+4}
   (You found it on level 2 of the Dungeon)

   Str+4:     It affects your strength (+4).
 q - a +0 dagger of electrocution
Missiles
 r - 9 poisoned darts
Armour
 c - a +0 robe (worn)
Jewellery
 f - an amulet of faith
 t - a ring of positive energy (left hand)
Scrolls
 b - 2 scrolls of poison
 d - a scroll of enchant armour {unknown}
 j - 3 scrolls of identify
 k - 3 scrolls of teleportation {unknown}
 o - a scroll of acquirement {unknown}
 p - a scroll of amnesia {unknown}
 s - a scroll of fog {unknown}
 u - a scroll of noise {unknown}
Potions
 e - 2 potions of attraction {unknown}
 g - a potion of haste {unknown}
 h - 3 potions of heal wounds
 l - a potion of invisibility {unknown}
 m - a potion of lignification


   Skills:
 + Level 2.2 Fighting
 + Level 3.3 Ranged Weapons
 - Level 2.7 Dodging
 + Level 3.9 Stealth
 + Level 3.3 Spellcasting
 + Level 4.1 Hexes
 - Level 1.8 Fire Magic


You had 5 spell levels left.
You knew the following spells:

 Your Spells              Type           Power      Damage    Failure   Level
a - Sigil of Binding      Hex            14%        N/A       11%         3
b - Inner Flame           Hex/Fire       11%        N/A       17%         3

Your spell library contained the following spells:

 Spells                   Type           Power      Damage    Failure   Level
 Jinxbite                 Hex            28%        N/A       5%          2
 Cause Fear               Hex            7%         N/A       34%         4
 Dimensional Bullseye     Hex/Tloc       4%         N/A       63%         4


Dungeon Overview and Level Annotations

Branches:
Dungeon (4/15)
 Temple: D:4-7

Altars:
Vehumet


Innate Abilities, Weirdness & Mutations

You are very small and have problems with some larger weapons.
You are too small for most types of armour.
You have supernaturally acute eyesight. (SInv)
You cover ground extremely quickly. (Speed+++)


Message History

You have reached level 6!
Magic restored.
You open the door.
Found a stone staircase leading up.
An iguana comes into view.
The iguana hisses angrily.
An iguana is nearby!
An iguana is nearby!
Cast which spell? (? or * to list)
You miscast Sigil of Binding.
You are very lightly contaminated with residual magic.
Nothing appears to happen.
Casting: Sigil of Binding (quite dangerous; 11% risk of failure)
Confirm with . or Enter, or press ? or * to list all spells.
You inscribe a pair of binding sigils nearby!
You shoot a sling bullet.
The sling bullet barely misses the iguana.
You shoot a sling bullet. The sling bullet hits the iguana.
The iguana is lightly wounded.
Your magical contamination has completely faded away.
You shoot a sling bullet.
The sling bullet hits the iguana but does no damage.
The iguana is lightly wounded.
The iguana bites you.
You shoot a sling bullet.
The sling bullet hits the iguana but does no damage.
The iguana is lightly wounded.
Your binding sigil wavers. x2
The iguana bites you!
You shoot a sling bullet.
The sling bullet hits the iguana but does no damage.
The iguana is lightly wounded.
The iguana completely misses you.
You shoot a sling bullet. The sling bullet hits the iguana.
The iguana is moderately wounded.
The iguana barely misses you.
You shoot a sling bullet.
The sling bullet barely misses the iguana.
The iguana bites you! x2
You die...

#<# ############# ###### #.#
#...h........ #....#
####'#####.###########
##....## ##.......##.# ..
.......# #...........# ...
.......###...........# ....
.........#.....(.....###.....
.........##.......##+#.......
....)...........@l...........
.......#######.###..........#
.......# .....+..........#
.......# #....###...........
#.###..# #..... +.....#.....
.. #.## #....# #.....#..... (
.. ...... ......# #... ..
............... ... ###.#.#.


You could see an iguana.

Vanquished Creatures
  A black bear (D:4)
  A phantom (D:2)
  3 gnolls (D:2)
  2 adders
  2 worms
  2 dart slugs (D:2)
  4 orcs (D:3)
  6 ball pythons
  6 endoplasms
  7 goblins
  8 hobgoblins
  7 jackals
  5 kobolds
  2 quokkas
  6 bats
  6 frilled lizards
  2 rats
70 creatures vanquished.

Notes
Turn   | Place    | Note
-------+----------+-------------------------------------------
     0 | D:1      | hikkokomori the Spriggan Hexslinger began the quest for the
                  | Orb.
     0 | D:1      | Reached XP level 1. HP: 9/9 MP: 3/3
   142 | D:1      | Reached skill level 1 in Stealth
   144 | D:1      | Reached skill level 1 in Fighting
   144 | D:1      | Reached skill level 1 in Fire Magic
   152 | D:1      | Reached XP level 2. HP: 5/14 MP: 5/5
   952 | D:2      | Reached XP level 3. HP: 18/18 MP: 7/7
  1048 | D:2      | Identified the +1 falchion "Quq Qedd" {vamp, Str+4}
  1298 | D:2      | Noticed a phantom
  1322 | D:2      | Killed a phantom
  1323 | D:2      | Reached XP level 4. HP: 23/23 MP: 7/9
  1818 | D:2      | Reached XP level 5. HP: 26/26 MP: 10/10
  1937 | D:3      | Found a radiant altar of Vehumet.
  1946 | D:3      | Learned a level 3 spell: Sigil of Binding
  1950 | D:3      | Learned a level 3 spell: Inner Flame
  2603 | D:4      | Noticed a black bear
  2621 | D:4      | Killed a black bear
  2622 | D:4      | Reached skill level 4 in Hexes
  2622 | D:4      | Reached XP level 6. HP: 30/30 MP: 10/12
  2665 | D:4      | Slain by an iguana

Illustrated notes

Levels and vault maps discovered:
D:1:      mainiacjoe_arrival_reflecting_pool, layout_loops_ring,
          dreamdust_princess_bridge, hangedman_abyss_or_decor_stabs
D:2:      layout_basic, grunt_ministairs_3, guppyfry_early_lair_pool
D:3:      layout_basic, nicolae_vehumet_radiance
D:4:      layout_basic, uniq_grinder

Skill      XL: |  1  2  3  4  5 |
---------------+----------------+-----
Stealth        | 1 2 3 |  3.9
Fighting       | 1 2 |  2.2
Fire Magic     | 1 |  1.8
Spellcasting   | 2 3 |  3.3
Ranged Weapons | 3 |  3.3
Hexes          | 4 |  4.1
Dodging        | |  2.7

Action                     |  1- 3 |  4- 6 || total
---------------------------+-------+-------++-------
   Fire: Sling             |   119 |   154 ||   273
   Cast: Sigil of Binding  |       |     1 ||     1
    Use: Scroll            |       |     3 ||     3
         Potion            |       |     1 ||     1
 Armour: Robe              |    14 |    18 ||    32
  Dodge: Dodged            |    60 |    43 ||   103

Table legend: (Time is in decaauts)
 A = Elapsed time spent in this place.
 B = Non-inter-level travel time spent in this place.
 C = Inter-level travel time spent in this place.
 D = Time resting spent in this place.
 E = Time spent auto-exploring this place.
 F = Levels seen in this place.
 G = Mean time per level.
                   A        B        C        D        E       F      G
               +--------+--------+--------+--------+--------+-----+--------+
         Total |   1884 |   1841 |     43 |     49 |   1296 |   4 |  471.0 |
       Dungeon |   1884 |   1841 |     43 |     49 |   1296 |   4 |  471.0 |
               +--------+--------+--------+--------+--------+-----+--------+

Top non-repeatable levels by time:
     D:2: 701 daAuts
     D:1: 627 daAuts
     D:3: 409 daAuts
     D:4: 145 daAuts
